Map: Carrusel EE

Players

MrFercho

  • Race: Terran Terran
  • Spawn Location: 6:00

IA (Fácil)

  • Race: Protoss Protoss
  • Spawn Location: 1:00

IA (Fácil)

  • Race: Zerg Zerg
  • Spawn Location: 11:00

VOD

Have the link to the VOD?

Description

Time

  • Played on: Feb. 9, 2018, 8:35 p.m.
  • Length: 9:17
Show
View Real Time Build Order
Export as new Build Order

MrFercho Terran 

Build Orders:  

Get SALT Encoding   

  12  0:02  SCV  
  13  0:15  SCV  
  14  0:23  Supply Depot  
  14  0:30  SCV  
  15  0:45  SCV  
  16  0:54  Refinery  
  16  0:57  SCV  
  16  0:58  Refinery  
  17  1:09  Barracks  
  18  1:25  SCV  
  18  1:34  Supply Depot  
  18  1:37  SCV  
  19  1:49  SCV  
  20  2:01  Supply Depot  
  20  2:02  SCV  
  20  2:07  Barracks  
  21  2:14  SCV  
  22  2:24  Supply Depot  
  22  2:30  Barracks Reactor  
  22  2:48  SCV  
  23  2:56  Command Center  
  23  3:01  SCV  
  23  3:04  Barracks Reactor  
  24  3:05  Refinery  
  24  3:08  Refinery  
  24  3:13  SCV  
  25  3:21  Engineering Bay  
  25  3:25  SCV  
  26  3:37  SCV  
  27  3:46  Reaper x3  
  27  3:47  Engineering Bay, Reaper  
  31  4:03  Orbital Command  
  31  4:07  Factory  
  31  4:18  Reaper x2  
  31  4:19  Reaper x2  
  35  4:31  Terran Infantry Weapons Level 1  
  35  4:32  Terran Infantry Armor Level 1  
  35  4:43  SCV x2  
  37  4:55  SCV x2  
  39  5:07  SCV x2  
  41  5:16  Factory Tech Lab  
  41  5:19  SCV x2  
  38  5:49  Marine  
  35  5:50  Marine x3  
  39  6:08  Factory  
  39  6:17  Armory  
  55  6:25  Orbital Command  
  39  6:42  Starport  
  39  6:52  Factory  
  39  6:56  SCV  
  40  7:06  Armory  
  40  7:08  SCV  
  40  7:15  Supply Depot  
  41  7:16  Supply Depot  
  41  7:19  Supply Depot  
  41  7:20  Starport, SCV  
  40  7:32  SCV  
  39  7:37  Supply Depot, Factory  
  39  7:38  Thor  
  39  7:39  Hellion  
  39  7:40  Hellion  
  39  7:41  Supply Depot x2  
  49  7:44  Viking  
  49  7:45  SCV  
  52  7:54  Armory  
  52  7:57  Liberator  
  52  7:58  Starport  
  52  8:01  Hellion x2  
  54  8:21  Hellion  
Show
View Real Time Build Order
Export as new Build Order

IA (Fácil) Protoss 

Build Orders:  

Get SALT Encoding   

  12  0:00  Probe  
  13  0:13  Probe  
  14  0:19  Pylon  
  14  0:25  Probe  
  15  0:37  Probe  
  15  0:39  Gateway  
  16  0:45  Assimilator  
  16  0:53  Pylon  
  16  1:17  Assimilator  
  16  1:30  Cybernetics Core  
  16  1:32  Zealot  
  18  2:04  Adept  
  18  2:06  Pylon  
  20  2:14  Probe  
  21  2:23  Warp Gate  
  21  2:26  Probe  
  22  2:38  Probe  
  22  2:42  Stalker  
  25  2:50  Probe  
  26  3:03  Probe  
  27  3:14  Adept  
  27  3:15  Probe  
  30  3:52  Stalker  
  32  5:22  Probe  
  32  7:08  Sentry  
  32  7:09  Probe  
  32  7:12  Pylon  
  35  7:17  Nexus  
  35  7:31  Stalker  
  35  7:32  Robotics Facility  
  35  7:35  Pylon  
  35  7:54  Sentry  
  33  8:17  Adept  
  35  8:21  Observer  
  36  8:29  Probe  
  36  8:34  Probe  
  34  8:37  Assimilator  
  34  8:40  Zealot  
  36  8:41  Assimilator  
  36  8:42  Probe, Observer  
  36  8:46  Probe  
  39  8:54  Probe  
  40  8:58  Probe  
  41  9:03  Stalker  
Show
View Real Time Build Order
Export as new Build Order

IA (Fácil) Zerg 

Build Orders: Pool First 

Get SALT Encoding   

  12  0:01  Drone  
  13  0:12  Overlord  
  13  0:16  Drone  
  14  0:30  Drone  
  14  0:34  Drone  
  16  0:42  Spawning Pool  
  15  0:45  Drone  
  15  0:47  Extractor  
  15  0:51  Drone  
  16  0:59  Overlord  
  16  1:31  Zergling x2, Queen  
  19  1:33  Roach Warren  
  19  1:34  Extractor, Drone  
  18  1:41  Drone  
  19  1:58  Zergling x2  
  20  2:08  Lair  
  20  2:22  Overlord  
  20  2:25  Roach  
  22  2:45  Drone  
  22  2:50  Drone  
  24  2:52  Roach  
  24  2:55  Drone  
  27  3:00  Drone  
  28  3:09  Overlord  
  28  3:14  Drone  
  28  3:18  Drone  
  30  3:22  Hydralisk Den  
  29  3:29  Drone  
  30  3:51  Hydralisk  
  32  4:18  Hydralisk  
  33  4:46  Zergling x2  
  34  5:34  Drone  
  33  5:38  Queen  
  33  5:39  Drone  
  33  5:42  Zergling x2  
  34  6:51  Overseer, Drone  
  34  6:52  Overseer  
  34  6:53  Infestation Pit  
  34  6:55  Drone  
  34  7:00  Drone  
  36  7:01  Hatchery  
  36  7:04  Drone  
  36  7:28  Zergling x2  
  35  7:47  Zergling x2  
  28  8:07  Roach  
  30  8:14  Drone  
  30  8:18  Drone  
  32  8:23  Drone  
  32  8:25  Extractor, Hydralisk  
  32  8:26  Extractor  
  33  8:27  Drone  
  33  8:31  Drone  
  35  8:35  Drone  
  35  8:40  Drone  
  37  8:44  Drone  
  37  8:45  Roach  
  40  8:48  Drone  
  40  8:50  Overlord  
  40  8:53  Drone  
  42  8:57  Drone  
  42  9:01  Drone  
Tags
 
Add a new tag
Caveats
  • Supply blocks, unpowered buildings, or Contaminate may cause inaccurate times.
  • Supply counts are checked every 10 seconds.